← All builds
Beach sea / Cortex / Economy first / OBSERVED BUILD

Standard beach sea

Cortex Beach sea build order · Supreme Isthmus

The role's usual play: com goes to sea to build a shipyard around 2 minutes, pumping frigates and destroyers to contest enemy sea entry or hold vision, with an advanced metal extractor around 10 minutes as the transition into the team's…

Usually shipyard first (93%)

#naval #eco · 1628 distinct matches · 209 players · 84% of Cortex Beach sea games · team won 55% of 1833 · Recently observed

HOW TO PLAY IT

Key timing: Shipyard by 1:56

  1. Open 3 mex, then send com to sea to build Shipyard by 1:56.
  2. Add tidal generators, wind and more mex to fund the shipyard.
  3. Pump Riptide first, then Oppressor to contest enemy sea entry.
  4. Get T2 constructor out to start scaling the naval economy.
  5. Transition into Advanced Metal Extractor as the economy phase begins.

Phase by phase

TYPICAL OF ITS 1628 GAMES
  1. 1
  2. 2
  3. 3
PLAY THE OPENING

Follow the example game's first 6:00 step by step: what to build now, what comes next, and where it goes. At 1× it keeps pace with your own game.

  1. 1

    Up to the Shipyard

    Economy
    • Metal Extractor3Mex
    • Wind Turbine3Windfor allies
    • Wind Turbine2Wind
    • Energy Storage1Energy storage
    Order
    1. ShipyardShipyard after 3 mex, 2 wind, 1 energy storagedone ~1:56, middle half 1:43–2:07

    Some games also: Guard (30%)

    By 1:39 in all: 3 mex · 2 wind · 1 energy storage

    The example game in this phase · 5 steps
    1. Mex ×3
    2. Wind ×2for Air
    3. Wind ×2
    4. Energy storage
    5. ShipyardShipyarddone 1:48 · typical 1:56
  2. 2

    Shipyard to 5:00

    Economy
    • Metal Extractor5Mex
    • Tidal Generator2Tidal
    Builders
    • Construction Ship2 Con ship
    Army
    • Riptide2 Frigate
    • Herring1 Missile corvette
    • Oppressor1 Destroyer
    Other
    • Naval Radar / Sonar Tower1 Naval Radar / Sonar Tower

    Some games also: Urchin (46%) · mex (37%) · wind (37%) · submarine (36%) · wind (35%)

    By 5:00 in all: 8 mex · 3 wind · 2 tidal · 1 energy storage

    The example game in this phase · 26 steps
    1. Construction ShipCon ship ×2
    2. RiptideFrigatedone 2:22 · typical 3:50
    3. Mex
    4. Mex
    5. OrcaSubmarinedone 3:36
    6. Tidal ×2
    7. Mex ×2
    8. Wind
    9. Wind ×2
    10. Wind
    11. Wind
    12. Naval Energy Converter
    13. Wind ×4
    14. HerringMissile corvette
    15. Naval Construction Turret
    16. Wind
    17. Mex
    18. Wind
    19. RiptideFrigate
    20. Wind ×4
    21. Naval Construction Turret
    22. Wind ×3
    23. RiptideFrigate
    24. Tidal
    25. Mex
    26. Tidal ×2
  3. 3

    5:00 to 10:00

    Economy
    • Metal Extractor1Mex
    • Wind Turbine8Wind
    Builders
    • Construction Ship1 Con ship
    • Death Cavalry1 Death Cavalry
    Army
    • Urchin1 Urchin
    • Riptide5 Frigate
    • Oppressor2 Destroyer
    • Herring2 Missile corvette
    Other
    • Naval Radar / Sonar Tower1 Naval Radar / Sonar Tower

    Some games also: Naval Construction Turret (49%) · Guard (47%) · Radar Tower (40%) · tidal (40%) · wind (34%)

    By 10:00 in all: 9 mex · 10 wind · 4 wind · 4 tidal · 1 energy storage · 1 Naval Construction Turret

    The example game in this phase · 107 steps
    1. Tidal
    2. Wind ×2
    3. Mex
    4. Wind
    5. Death CavalryDeath Cavalry
    6. Mex
    7. Wind
    8. Naval Radar / Sonar TowerNaval Radar / Sonar Tower
    9. Wind
    10. SentrySentry
    11. Wind
    12. OppressorDestroyerdone 6:35 · typical 5:15
    13. Wind
    14. Mex
    15. Wind
    16. Naval Energy Converter
    17. Wind ×3
    18. Naval Energy Converter
    19. Wind
    20. Naval Radar / Sonar TowerNaval Radar / Sonar Tower
    21. SentrySentry
    22. Wind ×2
    23. HerringMissile corvette
    24. Wind ×2
    25. RiptideFrigate
    26. Wind ×2
    27. RiptideFrigate
    28. Wind
    29. Radar TowerRadar Tower
    30. Wind
    31. Naval Radar / Sonar TowerNaval Radar / Sonar Tower
    32. Advanced ShipyardAdvanced Shipyarddone 9:04
    33. Death CavalryDeath Cavalry
    34. Wind
    35. Dragon's MawDragon's Maw
    36. Wind ×3
    37. OppressorDestroyer
    38. Wind
    39. Advanced Construction SubAdvanced Construction Sub
    40. Wind
    41. HerringMissile corvette
    42. Naval Radar / Sonar TowerNaval Radar / Sonar Tower
    43. Wind
    44. Wind
    45. PathfinderPathfinder
    46. Wind ×2
    47. Naval Advanced Metal ExtractorNaval Advanced Metal Extractordone 10:21
    48. Wind
    49. Wind
    50. PathfinderPathfinder
    51. Wind ×3
    52. Wind
    53. Wind
    54. Naval Construction Turret
    55. Wind
    56. Naval Advanced Metal ExtractorNaval Advanced Metal Extractor
    57. Wind
    58. Wind
    59. Wind ×3
    60. Wind
    61. Wind ×2
    62. Naval Construction Turret
    63. Wind ×2
    64. Naval Advanced Metal ExtractorNaval Advanced Metal Extractor
    65. Naval Construction Turret
    66. Wind
    67. Wind ×2
    68. Naval Construction Turret
    69. Wind
    70. Naval Construction Turret
    71. Wind
    72. Naval Construction Turret
    73. Wind
    74. Naval Construction Turret
    75. Wind
    76. Naval Construction Turret
    77. Amphibious ComplexAmphibious Complexdone 12:10
    78. Wind
    79. ShipyardEat Shipyardreclaimed for its metal
    80. Naval Advanced Metal ExtractorNaval Advanced Metal Extractor
    81. Advanced Metal ExtractorT2 mexdone 13:20 · typical 9:59
    82. Naval Advanced Metal ExtractorNaval Advanced Metal Extractor
    83. SalamanderSalamander
    84. Advanced Metal ExtractorT2 mex
    85. SalamanderSalamander ×4
    86. Tidal
    87. Naval Advanced Metal ExtractorNaval Advanced Metal Extractor
    88. SalamanderSalamander
    89. Tidal ×2
    90. TrasherTrasher
    91. Advanced Metal ExtractorT2 mex
    92. TrasherTrasher ×4
    93. Tidal
    94. SalamanderSalamander
    95. Tidal
    96. SalamanderSalamander
    97. Tidal ×2
    98. SalamanderSalamander
    99. Tidal
    100. SalamanderSalamander
    101. Tidal ×2
    102. SalamanderSalamander
    103. Tidal
    104. SalamanderSalamander
    105. Tidal ×2
    106. Advanced Radar TowerAdvanced Radar Tower
    107. SalamanderSalamander

Counts are medians over the build's games: half of them build more, half fewer. The example game is Parasaurolophus's (31 OS, 30/09/2026); pick another.

Team trades

IN AT LEAST 30% OF ITS GAMES

You hand over

  • Wind Turbine3 Wind to Airfirst at 1:45 · in 77% of games

You get

  • Finch1 Finch from Airfirst at 2:00 · in 80% of games
  • Lazarus1 Lazarus from Geofirst at 2:13 · in 63% of games
  • Hephaestus1 Heavy transport from Airfirst at 2:16 · in 64% of games
  • Construction Bot1 Con bot from Geofirst at 2:26 · in 70% of games
  • Hercules1 Light transport from Airfirst at 2:34 · in 32% of games
  • Advanced Construction Bot1 T2 con bot from Techfirst at 8:09 · in 88% of games

How it plays out

Typical game of this build, running totals by minute

Metal produced

010k20k30k
0:005:0010:0015:00

metal

Enemy metal destroyed

05k10k
0:005:0010:0015:00

metal

Own metal lost

02.5k5k7.5k
0:005:0010:0015:00

metal

1833 games.

Show as table
ByMetal produced: This buildEnemy metal destroyed: This buildOwn metal lost: This build
1:0040300
2:0093700
3:00155300
4:002540051
5:003718175101
6:005051484280
7:006495980591
8:00807616611000
9:00968426141531
10:001154137112310
11:001368447273081
12:001624857883861
13:001892268754629
14:002164779245680
15:002455588886526
WHAT THE NUMBERS SAY

Standard Beach sea play has the lowest team win rate of these builds and destroys far less enemy metal early than it loses eco time.

  • + Metal produced climbs to 24945 by 15:00, the highest of all six roles.
  • + Riptide and Oppressor together make 63% of army, a focused naval composition.
  • − Enemy metal destroyed is only 200 by 5:00, barely contesting early sea.
  • − T2 factory only reached in 35% of games, behind other roles' T2 timing.
THE EXAMPLE YOU ARE READING

Parasaurolophus

31.1 OS · 30/09/2026

Open source match ↗

6 received units · includes a constructor
2004 metal received · 43991 energy received

Allied construction assistance is unknown. Timings are observations, not a promise of solo reproducibility.

Typical milestones

Shipyard1:56Middle 50%: 1:43–2:07 · n=1830
Riptide3:50Middle 50%: 3:12–4:34 · n=1786
Oppressor5:15Middle 50%: 4:29–6:07 · n=1766
Advanced Metal Extractor9:59Middle 50%: 9:17–10:54 · n=1543

Played most by

EpicTyrannus120games of this buildDamsko69games of this buildKbot_my_Ahole67games of this buildfanboi64games of this buildSHOGVN64games of this build